 Dungeon Crawl Stone Soup version 0.31.0-32-g396128a36d (webtiles) character file.

Game seed: 3418216114250704132

8 Ijustatesigmund the Conjurer (level 2, -1/18 HPs)
             Began as an Octopode Conjurer on Mar 20, 2024.
             Succumbed to a kobold's poison
             ... on level 1 of the Dungeon.
             The game lasted 00:00:35 (516 turns).

Ijustatesigmund the Conjurer (Octopode Conjurer)     Turns: 516, Time: 00:00:36

Health: -1/18      AC:  1    Str:  6    XL:     2   Next: 8%
Magic:  4/5        EV: 13    Int: 20    God:
Gold:   39         SH:  0    Dex: 10    Spells: 2/5 levels left

rFire   . . .        (no weapon)
rCold   . . .        (no shield)
rNeg    . . .        (helmet restricted)
rPois   .            (no amulet)
rElec   .            (no ring)
rCorr   .            (no ring)
SInv    .            (no ring)
Will    .....        (no ring)
Stlth   +++          (no ring)
HPRegen 0.23/turn    (no ring)
MPRegen 0.09/turn    (no ring)
                     (no ring)

%: no passive effects
@: lethally poisoned (-1 -> -6)
A: almost no armour, amphibious, 8 rings, camouflage 1, gelatinous body 1,
(nimble swimmer 1), tentacles
a: no special abilities


You were on level 1 of the Dungeon.
You visited 1 branch of the dungeon, and saw 1 of its levels.

You collected 39 gold pieces.

Inventory:

Scrolls
 b - a scroll of identify {unknown}
 c - a scroll of revelation {unknown}
 d - a scroll of fog {unknown}
Potions
 a - a potion of magic


   Skills:
 + Level 0.7 Fighting
 - Level 2.0 Dodging
 - Level 2.6 Stealth
 + Level 2.2 Spellcasting
 + Level 4.1 Conjurations


You had 2 spell levels left.
You knew the following spells:

 Your Spells              Type           Power      Damage    Failure   Level
a - Magic Dart            Conj           72%        1d6       2%          1
b - Searing Ray           Conj           36%        2d5       4%          2

Your spell library contained the following spells:

 Spells                   Type           Power      Damage    Failure   Level
 Fulminant Prism          Conj/Alch      5%         3d6       54%         4
 Iskenderun's Mystic Bla  Conj/Tloc      10%        2d4       54%         4


Dungeon Overview and Level Annotations

Branches:
Dungeon (1/15)

Altars:


Innate Abilities, Weirdness & Mutations

You cannot wear most types of armour.
You are amphibious.
You can wear up to eight rings at the same time.
Your skin changes colour to match your surroundings (Stealth+).
Your rubbery body absorbs attacks. (AC +1, EV +1)
((You are camouflaged when in or above water. (Stealth+)))
You have tentacles for arms and can constrict up to eight enemies at once.


Message History

The kobold is heavily wounded.
You constrict the kobold.
You feel sick.
The kobold hits you with a +0 whip of venom.
You are more poisoned.
You tentacle-slap the kobold but do no damage.
You squeeze the kobold, but do no damage.
The kobold is severely wounded.
You constrict the kobold, but do no damage.
You feel sick.
The kobold hits you with a +0 whip of venom.
You are lethally poisoned!
You release your grip on the kobold.
* * * LOW HITPOINT WARNING * * *
You feel very sick.
Okay, then.
You tentacle-slap the rat. You grab the rat.
You squeeze the rat, but do no damage.
The rat is heavily wounded.
You constrict the rat, but do no damage.
* * * LOW HITPOINT WARNING * * *
You feel sick. The rat bites you but does no damage.
Casting: Magic Dart (safe; 2% risk of failure)
Confirm with . or Enter, or press ? or * to list all spells.
Aiming: Magic Dart (safe; 2% risk of failure)
Press: ? - help, Shift-Dir - straight line, f - rat
Aim: a rat (heavily wounded, constricted by you, 100% to hit)
The magic dart hits the rat but does no damage.
The rat is heavily wounded.
You constrict the rat, but do no damage.
* * * LOW HITPOINT WARNING * * *
You feel sick. The rat misses you.
You tentacle-slap the rat but do no damage.
The rat is heavily wounded.
You constrict the rat.
You kill the rat!
* * * LOW HITPOINT WARNING * * *
You feel sick.
You barely miss the kobold. Your grab misses the kobold.
The kobold is severely wounded.
You die...

## $. .##
..# ..#
#####..#
#..@Kg.# #
#.####.#
#>##.####.#
#.[.......#
####.######
####.#
#....#
#.#### #.#


You could see a hobgoblin and a kobold.

Vanquished Creatures
  A dart slug (D:1)
  A ball python (D:1)
  A hobgoblin (D:1)
  A quokka (D:1)
  2 rats (D:1)
6 creatures vanquished.

Notes
Turn   | Place    | Note
-------+----------+-------------------------------------------
     0 | D:1      | Ijustatesigmund the Octopode Conjurer began the quest for
                  | the Orb.
     0 | D:1      | Reached XP level 1. HP: 11/11 MP: 3/3
   479 | D:1      | Reached XP level 2. HP: 18/18 MP: 3/5
   482 | D:1      | Learned a level 2 spell: Searing Ray
   516 | D:1      | Succumbed to a kobold's poison

Illustrated notes

Levels and vault maps discovered:
D:1:      matt_arrival_spirals, layout_loops_ring, minmay_misc_feat_tiny

Action                     || total
---------------------------++-------
  Melee: Unarmed           ||    17
         Tentacles         ||     5
         Constrict         ||     4
   Cast: Magic Dart        ||     8
 Armour: Skin              ||     6
  Dodge: Dodged            ||    10
